 Dungeon Crawl Stone Soup version 0.17.1-2-g5865329 (webtiles) character file.

113 kaze the Ruffian (level 4, -9/66 HPs)
             Began as a Troll Berserker on Jan 27, 2016.
             Was a Believer of Trog.
             Mangled by kaze's ghost (15 damage)
             ... on level 3 of the Dungeon.
             The game lasted 00:06:11 (1327 turns).

kaze the Ruffian (Troll Berserker)                  Turns: 1327, Time: 00:06:11

Health: -9/66      AC:  5    Str: 31    XL:     4   Next: 65%
Magic:  3/3        EV:  6    Int:  3    God:    Trog [**....]
Gold:   114        SH: 14    Dex:  9    Spells: 0 memorised, 3 levels left

rFire  . . .     SeeInvis .     f - +1 short sword (drain)
rCold  . . .     Clarity  .     a - +0 animal skin
rNeg   . . .     SustAt   +     j - +0 large shield
rPois  .         Gourm    +     (helmet restricted)
rElec  .         Spirit   .     (no cloak)
rCorr  .         Warding  .     (gloves unavailable)
rMut   .         Stasis   .     (boots unavailable)
MR     ++...                    (no amulet)
Stlth  ..........               (no ring)
                                i - ring of sustain attributes

@: berserking (expiring), regenerating, very quick, very resistant to hostile
enchantments, extremely unstealthy
A: unfitting armour, claws 3, fast metabolism 3, gourmand, regeneration 2,
shaggy fur 1, tough skin 2
a: Berserk, Trog's Hand, Burn Spellbooks, Renounce Religion


You were on level 3 of the Dungeon.
You worshipped Trog.
Trog was pleased with you.
You were not hungry.

You visited 1 branch of the dungeon, and saw 3 of its levels.

You collected 114 gold pieces.

Inventory:

Hand Weapons
 f - a +1 short sword of draining (weapon)
Armour
 a - a +0 animal skin (worn)
 j - a +0 large shield (worn)
Jewellery
 i - a ring of sustain attributes (left claw)
Scrolls
 c - 3 scrolls of magic mapping {unknown}
 d - 3 scrolls of fear {unknown}
 k - 2 scrolls of enchant weapon {unknown}
 l - 5 scrolls of identify {unknown}
 m - 2 scrolls of teleportation {unknown}
 p - 2 scrolls of noise {unknown}
Potions
 e - a potion of ambrosia {unknown}
 g - a potion of might {unknown}
 h - a potion of agility {unknown}
 n - a potion of poison {unknown}
 o - a potion of brilliance {unknown}
Comestibles
 b - a bread ration
 q - a slice of pizza
 r - 3 chunks of flesh


   Skills:
 + Level 2.9 Fighting
 + Level 0.5 Short Blades
 + Level 3.4 Dodging
 + Level 1.2 Shields
 + Level 3.4 Unarmed Combat


You had 3 spell levels left.
You didn't know any spells.

Dungeon Overview and Level Annotations

Branches:
Dungeon (3/15)

Altars:
Nemelex Xobeh
Ru

Annotations:
D:3 kaze's ghost, amateur TrBe


Innate Abilities, Weirdness & Mutations

You are too large for most types of armour.
You have claws for hands.
Your metabolism is lightning-fast.
You like to eat raw meat.
You heal very quickly.
You are covered in fur (AC +1).
You have very tough skin (AC +2).


Message History

Kaze's ghost is moderately damaged.
Kaze's ghost hits you but does no damage.
You hit kaze's ghost but do no damage.
Kaze's ghost is moderately damaged.
Kaze's ghost hits you.
* * * LOW HITPOINT WARNING * * *
You closely miss kaze's ghost.
Kaze's ghost is moderately damaged.
Kaze's ghost hits you.
* * * LOW HITPOINT WARNING * * *
You completely miss kaze's ghost.
Kaze's ghost is moderately damaged.
Kaze's ghost hits you!
* * * LOW HITPOINT WARNING * * *
You puncture kaze's ghost!
Kaze's ghost is heavily damaged.
Your shield prevents you from hitting kaze's ghost.
Kaze's ghost is heavily damaged.
Kaze's ghost hits you!
You die...

.........# #........
.# #........ ..
#......# ..
#.#...... #.W ......
..# #..# ..#
##..#####..#
#.@W.##...######
#.....##..#.#)#.....
#....####.......#
#...#
####....#########
#...
##.>....###(......
#...
#...........####.#
#.. ##.....#.#####
#... ###
#......#....####..#
#.........#........


You could see kaze's ghost.

Vanquished Creatures
  A hound (D:3)
  2 adders
  A gnoll (D:1)
  An ooze (D:2)
  3 worms
  An orc (D:3)
  5 bats
  2 giant cockroaches
  4 hobgoblins
  9 kobolds
  A quokka (D:2)
  A giant gecko (D:2)
  4 giant newts
  4 goblins
  4 rats
43 creatures vanquished.

Notes
Turn   | Place    | Note
--------------------------------------------------------------
     0 | D:1      | kaze the Troll Berserker began the quest for the Orb.
     0 | D:1      | Reached XP level 1. HP: 22/22 MP: 0/0
   280 | D:1      | Reached XP level 2. HP: 27/29 MP: 1/1
   657 | D:2      | Reached ** piety under Trog
   681 | D:2      | Reached XP level 3. HP: 36/36 MP: 2/2
   837 | D:2      | Found a sparkling altar of Nemelex Xobeh.
   973 | D:2      | Found a sacrificial altar of Ru.
  1146 | D:2      | Reached XP level 4. HP: 44/44 MP: 3/3
  1172 | D:3      | Reached skill level 1 in Shields
  1299 | D:3      | Noticed kaze's ghost (amateur TrBe)
  1327 | D:3      | Mangled by kaze's ghost

Action                   |  1- 3 |  4- 6 || total
-------------------------+-------+-------++-------
Melee: Short sword       |   116 |    33 ||   149
       Unarmed           |     8 |       ||     8
Invok: Berserk           |       |     2 ||     2
       Trog's Hand       |       |     2 ||     2
  Eat: Meat ration       |     1 |       ||     1
       Bread ration      |     1 |       ||     1
       Royal jelly       |     1 |       ||     1
       Chunk             |     1 |       ||     1
